 Dungeon Crawl Stone Soup version 0.28.0 (webtiles) character file.

Game seed: 16347329136000837093

2331 horus123 the Prestidigitator (level 9, 0/67 HPs)
             Began as a Demonspawn Gladiator on Feb 10, 2022.
             Was an Initiate of Kikubaaqudgha.
             Slain by a yak (12 damage)
             ... on level 6 of the Dungeon.
             The game lasted 00:11:22 (7480 turns).

horus123 the Prestidigitator (Demonspawn Gladiator) Turns: 7480, Time: 00:11:23

Health: 0/67       AC:  3    Str: 16    XL:     9   Next: 19%
Magic:  9/9        EV: 13    Int: 12    God:    Kikubaaqudgha [......]
Gold:   382        SH:  0    Dex: 15    Spells: 8/8 levels left

rFire   . . .      SeeInvis .   q - +4 flail (pain)
rCold   x . .      Faith    .   (no shield)
rNeg    . . .      Spirit   .   k - +0 robe "Oruype" {+Inv rC- Slay+6 Stlth+}
rPois   .          Reflect  .   c - +0 helmet
rElec   .          Harm     .   (no cloak)
rCorr   .          Rampage  .   (no gloves)
Will    .....                   (no boots)
Stlth   ++........              (no amulet)
HPRegen 0.21/turn               (no ring)
MPRegen 0.11/turn               (no ring)

@: no status effects
A: demonic guardian 1, powered by death 1, weakness stinger 1
a: Renounce Religion, Evoke Invisibility


You were on level 6 of the Dungeon.
You worshipped Kikubaaqudgha.
Kikubaaqudgha was noncommittal.
You visited 2 branches of the dungeon, and saw 7 of its levels.

You collected 382 gold pieces.

Inventory:

Hand Weapons
 a - a +0 flail
 p - a +2 whip of venom
 q - a +4 flail of pain (weapon)
 t - a +1 whip of flaming
Missiles
 d - 2 throwing nets
Armour
 b - a +0 leather armour
 c - a +0 helmet (worn)
 h - a +0 chain mail
 k - the +0 robe "Oruype" (worn) {+Inv rC- Slay+6 Stlth+}
   (You found it on level 2 of the Dungeon)

   Slay:      It affects your accuracy & damage with ranged weapons and melee
   (+6).
   rC:        It makes you vulnerable to cold.
   +Inv:      It lets you turn invisible.
   Stlth:     It makes you more stealthy.
Wands
 n - a wand of flame (23) (quivered)
 x - a wand of digging (6)
Scrolls
 e - 5 scrolls of teleportation
 o - 2 scrolls of fear
 v - a scroll of identify
 w - a scroll of immolation {unknown}
 y - a scroll of enchant weapon
Potions
 f - a potion of haste {unknown}
 g - a potion of curing
 i - a potion of resistance {unknown}
 j - 4 potions of attraction
 l - 2 potions of degeneration {unknown}
 m - a potion of might {unknown}
 r - a potion of berserk rage {unknown}
 s - 2 potions of brilliance {unknown}
 u - a potion of magic {unknown}


   Skills:
 + Level 4.9 Fighting
 - Level 3.5 Maces & Flails
 - Level 1.7 Throwing
 - Level 4.0 Dodging
 - Level 5.4 Necromancy
 - Level 9.2 Evocations


You had 8 spell levels left.
You didn't know any spells.
Your spell library contained the following spells:

 Spells                   Type           Power      Damage    Failure   Level
 Gell's Gravitas          Tloc           0%         N/A       69%         3
 Teleport Other           Tloc           0%         N/A       69%         3
 Dispersal                Tloc           0%         N/A       100%        6
 Chain Lightning          Conj/Air       0%         N/A       100%        9
 Fire Storm               Conj/Fire      0%         5d1       100%        9
 Shatter                  Erth           0%         3d5*      100%        9


Dungeon Overview and Level Annotations

Branches:
Dungeon (6/15)             Temple (1/1) D:6

Altars:
Ashenzari
Cheibriados
Dithmenos
Elyvilon
Fedhas
Gozag
Hepliaklqana
Kikubaaqudgha
Nemelex Xobeh
Okawaru
Qazlal
Ru
Sif Muna
Uskayaw
Vehumet
Wu Jian
Xom
Yredelemnul
Zin
The Shining One

Shops:
D:1 ?


Innate Abilities, Weirdness & Mutations

A weak demonic guardian rushes to your aid.
You regenerate a little health from kills.
You have a small tail.


Message History

The yak is almost dead.
The yak gores you!
* * * LOW HITPOINT WARNING * * *
You sock the yak!
You kill the yak!
Kikubaaqudgha accepts your kill. The yak gores you.
* * * LOW HITPOINT WARNING * * *
Your Fighting skill increases to level 4!
You sock the yak!
The yak writhes in agony.
You tail-slap the yak.
The yak is almost dead.
The yak gores you!
* * * LOW HITPOINT WARNING * * *
A demonic guardian appears!
You sock the yak!
You kill the yak!
Kikubaaqudgha accepts your kill.
You hit the yak. You tail-slap the yak.
The yak is moderately wounded.
The yak gores you.
* * * LOW HITPOINT WARNING * * *
You swap places.
The yak gores your iron imp!
Items here: ( )))) [[[ ††.
The yak misses your iron imp.
Your iron imp completely misses the yak.
The yak gores your iron imp!
Your iron imp dies!
Your iron imp disappears in a puff of smoke!
Found 23 stones.
You feel better.
You hit the yak.
The yak is moderately wounded.
The yak gores you!
* * * LOW HITPOINT WARNING * * *
A demonic guardian appears!
You sock the yak!
The yak writhes in agony.
The yak is severely wounded.
The yak barely misses you. The yak gores you!
You die...
Kikubaaqudgha rasps: "You have failed me!
Welcome... death!"

#... .# Y...... ..#
......# #.# ##
......# #.# ..
...#.# #.# .# #.#.#
#.# (# # #...# #.#
.#
#.##..#####.######.#
#.........).YYYY@5.#
####..#####.########
[.....(.....#
....#.#######
....#.## #####..#
#..# #..## ###...###


You could see 4 yaks and a friendly white imp (summoned).

Vanquished Creatures
  Pikel (D:4)
  Grinder (D:5)
  Sigmund (D:3)
  2 yaks (D:6)
  An ogre (D:6)
  A kobold brigand (D:6)
  4 scorpions (D:5)
  3 water moccasin skeletons
  A wyvern skeleton (D:6)
  A hound (D:4)
  An orc priest (D:5)
  A gnoll shaman (D:4)
  A bullfrog skeleton (D:5)
  2 iguanas (D:4)
  Terence (D:3)
  Natasha (thrice) (D:3)
  3 orc wizards
  A hound skeleton (D:5)
  3 gnolls (D:4)
  4 adders
  A white imp (D:5)
  An adder skeleton (D:4)
  4 dart slugs
  13 orcs
  9 bats
  An endoplasm (D:2)
  5 giant cockroaches
  A goblin (D:2)
  6 hobgoblins
  6 jackals
  15 kobolds
  2 quokkas (D:1)
  5 ball pythons
  3 frilled lizards (D:1)
  4 rats
112 creatures vanquished.

Vanquished Creatures (collateral kills)
  A water moccasin (D:5)
  A centaur skeleton (D:4)
  A quokka (D:5)
3 creatures vanquished.

Vanquished Creatures (others)
  A bullfrog zombie (D:6)
  2 plants (D:1)
3 creatures vanquished.

Grand Total: 118 creatures vanquished

Notes
Turn   | Place    | Note
-------+----------+-------------------------------------------
     0 | D:1      | horus123 the Demonspawn Gladiator began the quest for the
                  | Orb.
     0 | D:1      | Reached XP level 1. HP: 16/16 MP: 1/1
   344 | D:1      | Gained mutation: A weak demonic guardian rushes to your
                  | aid. [demonic ancestry]
   344 | D:1      | Reached XP level 2. HP: 11/22 MP: 2/2
   507 | D:1      | Found a faded altar of an unknown god.
   848 | D:1      | Found Giurimu's Magic Scroll Emporium.
  1391 | D:2      | Gained mutation: You have a small tail. [demonic ancestry]
  1391 | D:2      | Reached XP level 3. HP: 8/27 MP: 3/3
  1396 | D:2      | HP: 1/27 [poisoned by an adder]
  2063 | D:2      | Identified the +0 robe "Oruype" {+Inv rC- Slay+6 Stlth+}
  2208 | D:3      | Noticed Natasha
  2212 | D:3      | Killed Natasha
  2213 | D:3      | Reached XP level 4. HP: 24/33 MP: 4/4
  2450 | D:3      | Noticed Sigmund
  2840 | D:3      | Noticed Natasha
  2847 | D:3      | Killed Natasha
  2927 | D:3      | Reached XP level 5. HP: 34/41 MP: 5/5
  3012 | D:3      | Noticed Terence
  3018 | D:3      | Killed Terence
  3019 | D:3      | Reached skill level 1 in Evocations
  3045 | D:3      | Reached skill level 2 in Evocations
  3079 | D:3      | Noticed Natasha
  3101 | D:3      | Killed Natasha
  3139 | D:3      | Killed Sigmund
  3140 | D:3      | Reached skill level 4 in Evocations
  3140 | D:3      | Reached XP level 6. HP: 16/47 MP: 6/6
  3972 | D:4      | Reached skill level 5 in Evocations
  4070 | D:4      | Gained mutation: You regenerate a little health from kills.
                  | [demonic ancestry]
  4070 | D:4      | Reached XP level 7. HP: 22/52 MP: 7/7
  4353 | D:4      | Noticed Pikel
  4373 | D:4      | Killed Pikel
  4374 | D:4      | Reached skill level 7 in Evocations
  4743 | D:4      | Reached XP level 8. HP: 46/58 MP: 8/8
  5006 | D:5      | Entered Level 5 of the Dungeon
  5019 | D:5      | Reached skill level 8 in Evocations
  5193 | D:5      | Noticed Grinder
  5201 | D:5      | Paralysed by Grinder for 7 turns
  5209 | D:5      | Killed Grinder
  5400 | D:5      | Reached skill level 9 in Evocations
  5806 | D:5      | Reached skill level 1 in Necromancy
  6589 | D:6      | Reached skill level 5 in Necromancy
  6854 | D:6      | Reached XP level 9. HP: 51/63 MP: 9/9
  6912 | D:6      | Found a staircase to the Ecumenical Temple.
  6930 | Temple   | Entered the Ecumenical Temple
  7327 | Temple   | Became a worshipper of Kikubaaqudgha
  7480 | D:6      | Slain by a yak

Illustrated notes

Levels and vault maps discovered:
D:1:      scummos_arrival_simple_crosswalls, layout_basic,
          ebering_ecumenical_altar_petrified, serial_forest,
          infiniplex_forest_split, infiniplex_forest_clump_double,
          infiniplex_forest_clump_curved, infiniplex_forest_corner_1,
          infiniplex_forest_3_way, infiniplex_forest_lined_3,
          infiniplex_forest_clump_medium, serial_shops, nicolae_shop_stone
D:2:      layout_basic
D:3:      layout_loops_cross, uniq_terence, uniq_sigmund, uniq_natasha
D:4:      layout_loops_cross, gup_sewer_entry_glass, uniq_pikel
D:5:      layout_loops_corners, grunt_ministairs_2, uniq_grinder
D:6:      layout_basic, minmay_temple_entry_statues_fountains,
          lemuel_old_faithful
Temple:   mainiacjoe_temple_big_plus

Skill      XL: |  1  2  3  4  5  6  7  8  9 |
---------------+----------------------------+-----
Maces & Flails | 3 |  3.5
Dodging        | 3 4 |  4.0
Fighting       | 3 4 |  4.9
Evocations     | 4 5 7 9 |  9.2
Necromancy     | 5 |  5.4
Throwing       | |  1.7

Action                   |  1- 3 |  4- 6 |  7- 9 || total
-------------------------+-------+-------+-------++-------
Melee: Flail             |   116 |    79 |   138 ||   333
       Punch             |     1 |       |     3 ||     4
       Tailslap          |     1 |     5 |    22 ||    28
       Whip              |       |       |    13 ||    13
Throw: Throwing net      |       |     1 |       ||     1
  Use: Scroll            |     2 |       |     6 ||     8
       Potion            |       |       |     3 ||     3
 Stab: Sleeping          |       |     6 |     5 ||    11
Armor: Leather armour    |    26 |       |       ||    26
       Chain mail        |    57 |       |       ||    57
       Robe              |       |     6 |    25 ||    31
Dodge: Dodged            |    69 |    60 |    71 ||   200
